 Dungeon Crawl Stone Soup version 0.24-a0-217-g1152973 (console) character file.

Game seed: 16821269314553239763

669 bli the Magician (level 7, -7/50 HPs)
             Began as a Formicid Earth Elementalist on Mar 29, 2019.
             Mangled by Duvessa
             ... wielding a +0 short sword
              (11 damage)
             ... on level 5 of the Dungeon.
             The game lasted 00:16:59 (5581 turns).

bli the Magician (Formicid Earth Elementalist)      Turns: 5581, Time: 00:16:59

Health: -7/50      AC:  3    Str: 13    XL:     7   Next: 89%
Magic:  6/15       EV: 12    Int: 16    God:
Gold:   343        SH:  0    Dex: 11    Spells: 11/17 levels left

rFire    . . .     SeeInvis +   v - +0 quarterstaff
rCold    . . .     Gourm    .   (no shield)
rNeg     . . .     Faith    .   e - +0 leather armour
rPois    .         Spirit   .   (helmet unavailable)
rElec    .         Reflect  .   (no cloak)
rCorr    .         Harm     .   (no gloves)
MR       .....                  (no boots)
Stlth    ++........             (no amulet)
HPRegen  0.16/turn              (no ring)
MPRegen  0.14/turn              (no ring)

@: no status effects
A: permanent stasis, dig shafts and tunnels, four strong arms, antennae 3
a: Dig, Shaft Self


You were on level 5 of the Dungeon.
You were hungry.

You visited 1 branch of the dungeon, and saw 5 of its levels.

You collected 343 gold pieces.

Inventory:

Hand Weapons
 b - a +0 hunting sling
 g - a +0 short sword
 t - a +0 dagger of speed
 v - a +0 quarterstaff (weapon)
Missiles
 p - 62 sling bullets
 z - 14 stones (quivered)
 C - 22 poisoned needles
 D - 3 tomahawks
Armour
 c - a +0 robe
 e - a +0 leather armour (worn)
 k - a +0 scale mail
 m - a +0 ring mail
 u - a +3 chain mail
Jewellery
 y - an uncursed ring of stealth {unknown}
 E - a cursed ring of attention {unknown}
Scrolls
 a - a scroll of immolation {unknown}
 i - a scroll of amnesia {unknown}
 j - a scroll of teleportation {unknown}
 o - 2 scrolls of magic mapping {unknown}
 q - 3 scrolls of identify {unknown}
 r - a scroll of fear {unknown}
 A - a scroll of enchant weapon {unknown}
Potions
 f - a potion of curing {unknown}
 h - a potion of resistance {unknown}
 l - 2 potions of agility {unknown}
 n - a potion of heal wounds {unknown}
 s - a potion of cancellation {unknown}
 w - a potion of haste {unknown}
 x - a potion of brilliance {unknown}
 B - a potion of magic {unknown}
Comestibles
 d - 9 rations


   Skills:
 * Level 2.1 Fighting
 + Level 2.1 Armour
 + Level 3.1 Dodging
 + Level 3.3 Stealth
 + Level 5.9 Spellcasting
   Level 1.1 Transmutations
 + Level 5.4 Earth Magic


You had 11 spell levels left.
You knew the following spells:

 Your Spells              Type           Power        Failure   Level  Hunger
b - Sandblast             Erth           ###...       1%          1    None
d - Lee's Rapid Deconstr  Erth           ###.......   45%         5    ######.

Your spell library contained the following spells:

 Spells                   Type           Power        Failure   Level  Hunger
 Passwall                 Tmut/Erth      ###.....     7%          2    #......
 Stone Arrow              Conj/Erth      ##....       17%         3    ##.....
 Petrify                  Tmut/Erth      ###.....     41%         4    ####...


Dungeon Overview and Level Annotations

Branches:
Dungeon (5/15)
 Temple: D:4-7

Altars:

Annotations:
D:5 Duvessa


Innate Abilities, Weirdness & Mutations

You cannot be hasted, slowed, berserked, paralysed or teleported.
You can dig through walls and to a lower floor.
Your four strong arms can wield two-handed weapons with a shield.
You have a pair of large antennae on your head. (SInv)


Message History

Confirm with . or Enter, or press ? or * to list all spells.
Aiming: Sandblast (safe; 1% risk of failure)
Press: ? - help, Shift-Dir - straight line, f/p - Duvessa
Aim: Duvessa, wielding a +0 short sword and wearing a +0 leather armour (severely wounded, berserk, fast, unusually strong)
The blast of sand misses Duvessa.
z - 15 stones Duvessa hits you with a +0 short sword!
* * * LOW HITPOINT WARNING * * *
Casting: Sandblast (safe; 1% risk of failure)
Confirm with . or Enter, or press ? or * to list all spells.
Aiming: Sandblast (safe; 1% risk of failure)
Press: ? - help, Shift-Dir - straight line, f/p - Duvessa
Aim: Duvessa, wielding a +0 short sword and wearing a +0 leather armour (severely wounded, berserk, fast, unusually strong)
The blast of sand hits Duvessa.
Duvessa is severely wounded.
z - 14 stones Duvessa hits you with a +0 short sword.
* * * LOW HITPOINT WARNING * * *
Duvessa hits you with a +0 short sword!
You die...

#..##.......###
###.............
##...............
#...............)
########................
.#.....#.........<.......
.................).......
#####...)...............
##...................
##....................
#.(...@...............
#.......e..............
........................
#........................
#.........................
..........................
.......................
.......................
.......<.."....
............$..
...............


You could see Duvessa (berserk).

Vanquished Creatures
  Sigmund (D:3)
  An ogre (D:4)
  2 scorpions (D:4)
  Dowan (D:5)
  A hound (D:4)
  3 orc wizards (D:4)
  2 worker ants (D:4)
  3 adders
  An ooze (D:2)
  4 dart slugs
  12 orcs
  6 giant cockroaches
  7 goblins
  7 hobgoblins
  8 jackals
  5 kobolds
  4 quokkas
  2 ball pythons (D:1)
  7 bats
  2 frilled lizards
  7 rats
  A fungus (D:1)
87 creatures vanquished.

Notes
Turn   | Place    | Note
-------+----------+-------------------------------------------
     0 | D:1      | bli the Formicid Earth Elementalist began the quest for the
                  | Orb.
     0 | D:1      | Reached XP level 1. HP: 13/13 MP: 3/3
   469 | D:1      | Reached XP level 2. HP: 19/19 MP: 3/5
   866 | D:1      | Reached XP level 3. HP: 24/24 MP: 5/7
  1488 | D:2      | Reached XP level 4. HP: 31/31 MP: 6/9
  2880 | D:3      | Noticed Sigmund
  2888 | D:3      | Killed Sigmund
  2888 | D:3      | Reached skill level 1 in Fighting
  2888 | D:3      | Reached XP level 5. HP: 37/37 MP: 4/12
  2888 | D:3      | Reached XP level 6. HP: 43/43 MP: 4/13
  2939 | D:3      | Learned a level 5 spell: Lee's Rapid Deconstruction
  3658 | D:4      | Noticed an ogre
  3672 | D:4      | Killed an ogre
  3672 | D:4      | Reached skill level 5 in Spellcasting
  3717 | D:4      | Reached skill level 5 in Earth Magic
  3731 | D:4      | Reached XP level 7. HP: 39/48 MP: 6/15
  4056 | D:4      | Reached skill level 1 in Armour
  5469 | D:5      | Entered Level 5 of the Dungeon
  5469 | D:5      | Noticed Duvessa
  5469 | D:5      | Noticed Dowan
  5541 | D:5      | Killed Dowan
  5581 | D:5      | Mangled by Duvessa

Levels and vault maps discovered:
D:1:      tarquinn_simple_flora_water_d, layout_rooms, dk_noncrumbling_3
D:2:      layout_basic, minmay_tetromino_o4
D:3:      layout_loops_corners, uniq_sigmund
D:4:      layout_basic, first_ration, minmay_joined_circles
D:5:      layout_layer_cave, kennysheep_generic_room_3, uniq_duvessa,
          uniq_crazy_yiuf_cottage

Skill      XL: |  1  2  3  4  5  6  7 |
---------------+----------------------+-----
Earth Magic    | 4 5 |  5.4
Spellcasting   | 3 4 5 |  5.9
Dodging        | 2 3 |  3.1
Fighting       | 1 2 |  2.1
Armour         | 2 |  2.1
Stealth        | 3 |  3.3
Transmutations | |  1.1

Action                   |  1- 3 |  4- 6 |  7- 9 || total
-------------------------+-------+-------+-------++-------
Melee: Unarmed           |    93 |       |       ||    93
       Short sword       |    51 |    47 |       ||    98
       Dagger            |       |    20 |    26 ||    46
       Quarterstaff      |       |       |    82 ||    82
Throw: Stone             |       |     2 |       ||     2
 Cast: Sandblast         |    22 |    46 |    28 ||    96
 Abil: Dig               |       |     1 |       ||     1
  Use: Potion            |       |       |     1 ||     1
 Stab: Sleeping          |     2 |       |     1 ||     3
       Distracted        |       |     1 |       ||     1
  Eat: Chunk             |     2 |     5 |     4 ||    11
       Ration            |       |     1 |       ||     1
Armor: Robe              |    22 |    11 |       ||    33
       Leather armour    |       |     5 |    12 ||    17
       Skin              |       |       |    10 ||    10
Dodge: Dodged            |    82 |    67 |    61 ||   210

Table legend:
 A = Non-vault XP
 B = Vault XP
 C = Vault XP percentage of total XP
 D = Non-vault monster count
 E = Vault monster count
 F = Vault count percentage of total count
                 A         B        C        D         E       F
            +---------+---------+-------+---------+---------+-------
      Total |     383 |     573 |  59.9 |      75 |      11 |  12.8
            +---------+---------+-------+---------+---------+-------
        D:1 |      48 |       0 |   0.0 |      27 |       0 |   0.0
        D:2 |      49 |       3 |   5.8 |      19 |       3 |  13.6
        D:3 |      36 |     208 |  85.2 |      11 |       1 |   8.3
        D:4 |     248 |     293 |  54.2 |      17 |       6 |  26.1
        D:5 |       2 |      69 |  97.2 |       1 |       1 |  50.0
            +---------+---------+-------+---------+---------+-------
